 Dungeon Sprint DCSS version 0.23.1 (webtiles) character file.

Game seed: 3371854996275164358

49193 wilfster70 the Warrior (level 14, -2/148 HPs)
             Began as a Minotaur Monk on Mar 8, 2019.
             Was the Champion of Okawaru.
             Killed from afar by a fire dragon (25 damage)
             ... with a blast of flame
             ... in the Dungeon (Sprint IX: "|||||||||||||||||||||||||||||").
             The game lasted 00:19:40 (4087 turns).

wilfster70 the Warrior (Minotaur Monk)              Turns: 4087, Time: 00:19:40

Health: -2/148     AC: 33    Str: 27    XL:     14   Next: 15%
Magic:  20/20      EV: 20    Int:  4    God:    Okawaru [******]
Gold:   599        SH: 23    Dex: 15    Spells: 13/13 levels left

rFire    + . .     SeeInvis +   a - +3 broad axe
rCold    . . .     Gourm    .   x - +0 large shield "Xoap" {-Cast rPois SInv} (curse)
rNeg     . . .     Faith    .   B - +10 chain mail of Ytuhes {rPois Dex+2}
rPois    +         Spirit   .   p - +0 hat {SInv}
rElec    .         Reflect  .   o - +2 cloak
rCorr    .         Harm     .   E - +0 pair of gloves of the Evil One {Str+4}
MR       ++...     NoTele   +   y - +1 pair of boots of Plog {Regen+ Str+2 Int-3} Stlth ..........NoCast +
                                (no amulet)
HPRegen  0.74/turn              z - ring of protection from fire
MPRegen  0.17/turn              A - ring of protection from magic

@: no status effects
A: retaliatory headbutt, horns 2
a: Heroism, Finesse, Renounce Religion


You were in the Dungeon.
You worshipped Okawaru.
Okawaru was exalted by your worship.
You were hungry.

You visited 1 branch You collected 1907 gold pieces.
You spent 1308 gold pieces at shops.

Inventory:

Hand Weapons
 a - a +3 broad axe (weapon)
 b - a +2 morningstar of draining
Armour
 e - the +2 pair of boots of the Assassin {Detection Stab+ Stlth++}
   (Okawaru gifted it to you in the Dungeon)

   It makes you much more stealthy.
 o - a +2 cloak (worn)
 p - a +0 hat of see invisible (worn)
 v - a +1 plate armour of cold resistance
 x - the cursed +0 large shield "Xoap" (worn) {-Cast rPois SInv}
   (You bought it in a shop in the Dungeon)

   It protects you from poison.
   It lets you see invisible.
   It prevents spellcasting.
   It has a curse placed upon it.
 y - the +1 pair of boots of Plog (worn) {Regen+ Str+2 Int-3}
   (Okawaru gifted it to you in the Dungeon)

   It affects your strength (+2).
   It affects your intelligence (-3).
   It increases your rate of regeneration.
 B - the +10 chain mail of Ytuhes (worn) {rPois Dex+2}
   (Okawaru gifted it to you in the Dungeon)

   It affects your dexterity (+2).
   It protects you from poison.
 E - the +0 pair of gloves of the Evil One (worn) {Str+4}
   (You found it in the Dungeon)

   It affects your strength (+4).
Jewellery
 j - a +3 ring of strength
 q - a +3 ring of dexterity
 w - an uncursed ring of protection from cold
 z - a ring of protection from fire (left hand)
 A - a ring of protection from magic (right hand)
 C - an uncursed ring of protection from magic
 D - an uncursed ring of ice
Wands
 m - a wand of iceblast (4)
Scrolls
 i - 5 scrolls of blinking
 k - 6 scrolls of remove curse
 l - 2 scrolls of amnesia
 t - 2 scrolls of fear
Potions
 d - 2 potions of curing
 f - a potion of haste
 g - 4 potions of magic
 h - a potion of invisibility
 n - a potion of resistance
 r - a potion of brilliance
 s - 3 potions of mutation
 F - 3 potions of berserk rage
Comestibles
 c - 12 rations
 u - 4 chunks of flesh


   Skills:
 + Level 20.2 Fighting
 - Level 18.4 Axes
 + Level 19.8 Armour
 + Level 18.8 Dodging
 - Level 1.5 Stealth
 * Level 18.9 Shields
 - Level 10.5 Invocations


You had 13 spell levels left.
You didn't know any spells.
Your spell library was empty.

Dungeon Overview and Level Annotations

Branches:
Dungeon (1/1)

Altars:
Cheibriados
Dithmenos
Elyvilon
Fedhas
Gozag
Hepliaklqana
Kikubaaqudgha
Makhleb
Nemelex Xobeh
Okawaru
Qazlal
Ru
Sif Muna
Trog
Uskayaw
Vehumet
Wu Jian
Xom
Yredelemnul
Zin
The Shining One
Beogh
Jiyva
Lugonu

Shops:
D =[%(


Innate Abilities, Weirdness & Mutations

You reflexively headbutt those who attack you in melee.
You have a pair of horns on your head.


Message History

The fire dragon closely misses you. You block the fire dragon's attack.
Items here: )) [[[[ †††† You slice the fire dragon!!
You headbutt the fire dragon, but do no damage.
The fire dragon is moderately wounded.
You block the fire dragon's attack. x2; The fire dragon barely misses you.
You slice the fire dragon!! You headbutt the fire dragon.
The fire dragon is severely wounded.
The warg stops to sniff the ground.
You block the fire dragon's attack. x3
You slash the fire dragon!
The fire dragon is almost dead.
You hit the fire dragon but do no damage.
The fire dragon is almost dead.
You block the fire dragon's attack. x3
You hit the fire dragon but do no damage.
The fire dragon is almost dead.
The fire dragon breathes flames at you. The blast of flame hits you!!
You resist.
You die...

.==..)))))))).[[[[[[[[.........('
▓▓▓▓▓▓▓▓▓▓▓▓▓▓▓▓▓▓▓▓▓▓▓▓▓▓▓▓▓▓▓▓▓
.................................
▓▓▓▓▓▓▓▓▓▓▓▓▓▓▓▓▓▓▓▓▓▓▓▓▓▓▓▓▓▓▓▓▓
...)(((().)....'†††......')(.()))
▓▓▓▓▓▓▓▓▓▓▓▓▓▓▓▓▓▓▓▓▓▓▓▓▓▓▓▓▓▓▓▓▓
..............................††.
▓▓▓▓▓▓▓▓▓▓▓▓▓▓▓▓▓▓▓▓▓▓▓▓▓▓▓▓▓▓▓▓▓
....(..').(()))(@DJh....
▓▓▓▓▓▓▓▓▓▓▓▓▓▓▓▓▓▓▓▓▓▓▓▓


You could see a fire dragon, a slime creature and a warg shaped shifter.

Vanquished Creatures
  Rupert (D)
  Gastronok (D)
  A tengu reaver (D)
  2 stone giants (D)
  Azrael (D)
  A very ugly thing (D)
  A spark wasp (D)
  4 ettins (D)
  Josephine (D)
  A great orb of eyes (D)
  2 yaktaur captains (D)
  A rakshasa (D)
  An ice dragon (D)
  2 naga warriors (D)
  2 centaur warriors (D)
  An anaconda (D)
  4 alligators (D)
  A tengu warrior (D)
  A deep troll earth mage (D)
  A naga sharpshooter (D)
  A shock serpent (D)
  A spriggan berserker (D)
  A sea snake (D)
  A spriggan druid (D)
  A swamp dragon (D)
  A naga ritualist (D)
  A harpy (D)
  A necromancer (D)
  An orb spider (D)
  A wolf spider (D)
  12 orc knights (D)
  An ugly thing (D)
  2 manticores (D)
  A cyclops (D)
  An elephant (D)
  A water nymph (D)
  2 merfolk sirens (D)
  3 black mambas (D)
  2 spiny frogs (D)
  A guardian serpent (D)
  A komodo dragon (D)
  A yaktaur (D)
  A tengu conjurer (D)
  A troll (D)
  A merfolk (D)
  A polar bear (D)
  2 jumping spiders (D)
  A wind drake (D)
  A blink frog (D)
  A dream sheep (shapeshifter) (D)
  A hippogriff (D)
  A bog body (D)
  2 redbacks (D)
  5 wraiths (D)
  A yak (shapeshifter) (D)
  A shadow (D)
  3 tarantellas (D)
  A yak (D)
  Eustachio (D)
  3 fire elementals (D)
  A basilisk (D)
  Grum (D)
  3 water moccasins (D)
  3 hell hounds (D)
  2 porcupines (D)
  18 orc warriors (D)
  A swamp drake (D)
  7 black bears (D)
  An ogre (D)
  3 wolves (D)
  3 crocodiles (D)
  A big kobold (D)
  2 bullfrogs (D)
  A gnoll sergeant (D)
  2 crimson imps (D)
  3 orc priests (D)
  A hound (D)
  3 orc wizards (D)
  A worker ant (D)
  2 adders (D)
  A shadow imp (D)
  A leopard gecko (D)
  7 orcs (D)
  A bat skeleton (D)
  A goblin (D)
  A bat (D)
  A frilled lizard (D)
  A kobold (D)
169 creatures vanquished.

Vanquished Creatures (others)
  A spark wasp (D)
1 creature vanquished.

Grand Total: 170 creatures vanquished

Notes
Turn   | Place    | Note
-------+----------+-------------------------------------------
     0 | D        | wilfster70 the Minotaur Monk began the quest for the Orb.
     0 | D        | Reached XP level 1. HP: 19/19 MP: 0/0
     9 | D        | Reached skill level 4 in Fighting
     9 | D        | Reached skill level 1 in Armour
   156 | D        | Noticed an ogre
   156 | D        | Noticed a gnoll sergeant
   156 | D        | Noticed a crimson imp
   161 | D        | Killed a crimson imp
   161 | D        | Reached skill level 5 in Fighting
   161 | D        | Reached XP level 2. HP: 29/29 MP: 1/1
   161 | D        | Reached XP level 3. HP: 36/36 MP: 2/2
   164 | D        | Killed an ogre
   164 | D        | Reached skill level 6 in Fighting
   164 | D        | Reached skill level 5 in Dodging
   164 | D        | Reached XP level 4. HP: 29/44 MP: 3/3
   165 | D        | Reached skill level 5 in Armour
   165 | D        | Reached XP level 5. HP: 33/51 MP: 4/4
   173 | D        | Reached skill level 7 in Fighting
   345 | D        | Found a roughly hewn altar of Beogh.
   345 | D        | Found a snail-covered altar of Cheibriados.
   345 | D        | Found a shadowy altar of Dithmenos.
   345 | D        | Found a white marble altar of Elyvilon.
   345 | D        | Found a blossoming altar of Fedhas.
   345 | D        | Found an opulent altar of Gozag.
   346 | D        | Found a hazy altar of Hepliaklqana.
   347 | D        | Found a viscous altar of Jiyva.
   348 | D        | Found an ancient bone altar of Kikubaaqudgha.
   349 | D        | Found a corrupted altar of Lugonu.
   350 | D        | Found a burning altar of Makhleb.
   351 | D        | Found a sparkling altar of Nemelex Xobeh.
   352 | D        | Found an iron altar of Okawaru.
   353 | D        | Found a stormy altar of Qazlal.
   354 | D        | Found a sacrificial altar of Ru.
   355 | D        | Found a deep blue altar of Sif Muna.
   356 | D        | Found a bloodstained altar of Trog.
   357 | D        | Found a hide-covered altar of Uskayaw.
   358 | D        | Found a radiant altar of Vehumet.
   359 | D        | Found an ornate altar of the Wu Jian Council.
   360 | D        | Found a shimmering altar of Xom.
   362 | D        | Became a worshipper of Warmaster Okawaru
   362 | D        | Reached * piety under Okawaru
   362 | D        | Reached ** piety under Okawaru
   364 | D        | Found a basalt altar of Yredelemnul.
   365 | D        | Found a glowing silver altar of Zin.
   366 | D        | Found a glowing golden altar of the Shining One.
   415 | D        | Noticed an orc warrior
   424 | D        | Reached skill level 1 in Invocations
   425 | D        | Killed an orc warrior
   425 | D        | Reached skill level 10 in Axes
   425 | D        | Reached XP level 6. HP: 43/61 MP: 4/6
   427 | D        | Reached skill level 8 in Fighting
   518 | D        | Noticed a manticore
   518 | D        | Noticed a shadow
   538 | D        | Killed a manticore
   538 | D        | Reached skill level 9 in Fighting
   538 | D        | Reached XP level 7. HP: 38/70 MP: 6/9
   544 | D        | Killed a shadow
   544 | D        | Reached *** piety under Okawaru
   544 | D        | Reached skill level 5 in Invocations
   544 | D        | Reached XP level 8. HP: 34/79 MP: 6/10
   902 | D        | Noticed a black mamba
   902 | D        | Noticed a komodo dragon
   909 | D        | Reached skill level 10 in Fighting
   915 | D        | Killed a black mamba
   918 | D        | Killed a komodo dragon
   918 | D        | Reached skill level 10 in Dodging
   920 | D        | Reached skill level 11 in Fighting
   920 | D        | Reached skill level 10 in Armour
   920 | D        | Reached XP level 9. HP: 63/89 MP: 9/13
   924 | D        | Reached **** piety under Okawaru
  1045 | D        | Reached skill level 15 in Axes
  1046 | D        | Noticed a spiny frog
  1050 | D        | Noticed an elephant
  1063 | D        | Killed a spiny frog
  1072 | D        | Killed an elephant
  1072 | D        | Reached skill level 12 in Fighting
  1078 | D        | Reached ***** piety under Okawaru
  1078 | D        | Received a gift from Okawaru
  1323 | D        | Noticed a polar bear
  1328 | D        | Reached XP level 10. HP: 97/97 MP: 12/15
  1432 | D        | Noticed Josephine
  1445 | D        | Killed Josephine
  1457 | D        | Reached skill level 13 in Fighting
  1703 | D        | Noticed Gastronok
  1718 | D        | Killed Gastronok
  1718 | D        | Received a gift from Okawaru
  1718 | D        | Reached skill level 10 in Invocations
  1868 | D        | Noticed an orc knight
  1869 | D        | Noticed an orc knight
  1882 | D        | Killed an orc knight
  1882 | D        | Reached XP level 11. HP: 85/107 MP: 9/17
  1896 | D        | Killed an orc knight
  1897 | D        | Noticed an ettin
  1909 | D        | Killed an ettin
  2120 | D        | Reached skill level 14 in Fighting
  2132 | D        | Noticed an orc knight
  2152 | D        | Killed an orc knight
  2293 | D        | Found Derchep's Jewellery Emporium.
  2293 | D        | Noticed an orc knight
  2293 | D        | Noticed an orc knight
  2293 | D        | Noticed an orc knight
  2293 | D        | Noticed an orc knight
  2293 | D        | Noticed an orc knight
  2301 | D        | Killed an orc knight
  2309 | D        | Killed an orc knight
  2309 | D        | Reached skill level 15 in Fighting
  2318 | D        | Killed an orc knight
  2319 | D        | Found Kainooph's Antique Armour Shoppe.
  2324 | D        | HP: 4/112 [orc knight/+0 glaive (32)]
  2327 | D        | Killed an orc knight
  2327 | D        | Received a gift from Okawaru
  2331 | D        | Killed an orc knight
  2332 | D        | Found Fokk's Food Emporium.
  2340 | D        | Reached skill level 15 in Armour
  2341 | D        | Found Ythenukk's Antique Weapon Shoppe.
  2344 | D        | Noticed an orc knight
  2371 | D        | Noticed an orc knight
  2373 | D        | Killed an orc knight
  2380 | D        | Killed an orc knight
  2405 | D        | Noticed an orc knight
  2418 | D        | Killed an orc knight
  2418 | D        | Received a gift from Okawaru
  2418 | D        | Reached ****** piety under Okawaru
  2418 | D        | Reached skill level 16 in Fighting
  2419 | D        | Found the +2 pair of boots of the Assassin {Detection Stab+
                  | Stlth++}
  2844 | D        | Bought a heavily runed large shield for 228 gold pieces
  2849 | D        | Identified the cursed +0 large shield "Xoap" {-Cast rPois
                  | SInv} (You bought it in a shop in the Dungeon)
  2857 | D        | Bought a pair of runed gloves for 180 gold pieces
  2870 | D        | Bought an uncursed ring of protection from cold for 300
                  | gold pieces
  2870 | D        | Bought an uncursed ring of protection from fire for 300
                  | gold pieces
  2870 | D        | Bought an uncursed ring of protection from magic for 300
                  | gold pieces
  2895 | D        | Noticed Eustachio
  2900 | D        | Noticed Grum
  2907 | D        | Killed Eustachio
  2907 | D        | Reached skill level 1 in Shields
  2917 | D        | Killed Grum
  2919 | D        | Reached skill level 15 in Dodging
  3033 | D        | Got the +0 pair of gloves of the Evil One {Str+4}
  3067 | D        | Noticed a centaur warrior
  3067 | D        | Noticed a red ugly thing
  3067 | D        | Noticed an orc knight
  3075 | D        | Reached XP level 12. HP: 122/122 MP: 10/18
  3080 | D        | Killed a centaur warrior
  3086 | D        | Reached skill level 5 in Shields
  3101 | D        | Noticed a spark wasp
  3110 | D        | Noticed a centaur warrior
  3111 | D        | Noticed an ettin
  3124 | D        | Killed a spark wasp
  3135 | D        | Killed a centaur warrior
  3147 | D        | Killed an ettin
  3147 | D        | Reached skill level 17 in Fighting
  3303 | D        | Noticed a naga warrior
  3303 | D        | Noticed an anaconda
  3306 | D        | Noticed a naga warrior
  3323 | D        | Killed a naga warrior
  3323 | D        | Reached skill level 10 in Shields
  3328 | D        | HP: 6/125 [poisoned by a naga ritualist (toxic radiance)]
  3335 | D        | Killed a naga warrior
  3335 | D        | Received a gift from Okawaru
  3339 | D        | Killed an anaconda
  3369 | D        | Got a pair of ancient boots {god gift}
  3370 | D        | Identified the +1 pair of boots of Plog {Regen+ Str+2
                  | Int-3} (Okawaru gifted it to you in the Dungeon)
  3602 | D        | Reached skill level 18 in Fighting
  3602 | D        | Reached XP level 13. HP: 117/134 MP: 15/19
  3700 | D        | Received a gift from Okawaru
  3799 | D        | Reached skill level 15 in Shields
  3857 | D        | Noticed Rupert
  3873 | D        | Killed Rupert
  3873 | D        | Received a gift from Okawaru
  3876 | D        | Got a warped chain mail {god gift}
  3887 | D        | Identified the +10 chain mail of Ytuhes {rPois Dex+2}
                  | (Okawaru gifted it to you in the Dungeon)
  3902 | D        | Reached skill level 19 in Fighting
  3903 | D        | Noticed Azrael
  3913 | D        | Killed Azrael
  3985 | D        | Noticed a cyan very ugly thing
  3985 | D        | Noticed an ettin
  3985 | D        | Noticed a stone giant
  3990 | D        | Killed a cyan very ugly thing
  3991 | D        | Noticed an ettin
  3998 | D        | Killed an ettin
  4011 | D        | Noticed a tengu reaver
  4024 | D        | Killed a stone giant
  4025 | D        | Noticed a stone giant
  4028 | D        | Noticed a spark wasp
  4033 | D        | Killed an ettin
  4042 | D        | Killed a tengu reaver
  4042 | D        | Reached XP level 14. HP: 85/147 MP: 16/20
  4052 | D        | Killed a stone giant
  4052 | D        | Received a gift from Okawaru
  4052 | D        | Reached skill level 20 in Fighting
  4072 | D        | HP: 2/148 [ice dragon/blast of cold (21)]
  4087 | D        | Killed from afar by a fire dragon

Skill      XL: |  1  2  3  4  5  6  7  8  9 10 11 12 13 14 |
---------------+-------------------------------------------+-----
Axes           | 6 8 10 12 14 16 17 18 | 18.4
Fighting       | 5 6 7 9 11 12 13 16 18 19 20 | 20.2
Armour         | 3 4 5 6 8 10 11 12 15 17 19 | 19.8
Dodging        | 4 5 7 8 9 10 11 12 15 16 18 | 18.8
Invocations    | 2 4 5 6 8 10 | 10.5
Shields        | 3 12 18 | 18.9
Stealth        | |  1.5

Action                   |  1- 3 |  4- 6 |  7- 9 | 10-12 | 13-15 || total
-------------------------+-------+-------+-------+-------+-------++-------
Melee: Hand axe          |    13 |     7 |       |       |       ||    20
       Headbutt          |     2 |    11 |    11 |   108 |    64 ||   196
       War axe           |       |    31 |    71 |   226 |       ||   328
       Punch             |       |       |     2 |     3 |       ||     5
       Broad axe         |       |       |       |   136 |   216 ||   352
Invok: Heroism           |       |     1 |     4 |     6 |     4 ||    15
       Finesse           |       |       |       |     7 |     4 ||    11
Evoke: Wand              |       |       |       |     3 |     3 ||     6
  Use: Potion            |     1 |     2 |       |     6 |     3 ||    12
       Scroll            |       |       |     2 |     1 |       ||     3
 Stab: Distracted        |       |       |     1 |       |       ||     1
       Confused          |       |       |       |       |     2 ||     2
  Eat: Chunk             |       |       |     1 |     8 |     1 ||    10
Armor: Robe              |     1 |       |       |       |       ||     1
       Ring mail         |       |     9 |    10 |     4 |       ||    23
       Plate armour      |       |       |       |    49 |     9 ||    58
       Chain mail        |       |       |       |       |     6 ||     6
Dodge: Dodged            |     5 |    24 |    41 |    89 |    21 ||   180
Block: Large shield      |       |       |       |    89 |   113 ||   202
